 Dungeon Crawl Stone Soup version 0.31-a0-1074-g0b22e4e0f1 (webtiles) character file.

Game seed: 16605565642945946690

347 wildpjah the Chiller (level 6, 43/43 HPs)
             Began as a Human Ice Elementalist on Dec 6, 2023.
             Was a Plaything of Xom.
             Quit the game on level 4 of the Dungeon.
             The game lasted 00:10:10 (3413 turns).

wildpjah the Chiller (Human Ice Elementalist)       Turns: 3413, Time: 00:10:11

Health: 43/43      AC:  3    Str:  8    XL:     6   Next: 91%
Magic:  9/11       EV: 12    Int: 16    God:    Xom [..*...]
Gold:   206        SH:  0    Dex: 15    Spells: 3/11 levels left

rFire   . . .        p - +10 dagger "Sarcophage" {flame, +Blink rC+}
rCold   + . .        (no shield)
rNeg    . . .        v - +0 leather armour
rPois   .            (no helmet)
rElec   .            (no cloak)
rCorr   .            (no gloves)
SInv    .            (no boots)
Will    .....        (no amulet)
Stlth   ++           (no ring)
HPRegen 0.27/turn    (no ring)
MPRegen 0.12/turn

%: no passive effects
@: no status effects
A: no striking features
a: Renounce Religion, Evoke Blink


You were on level 4 of the Dungeon.
You worshipped Xom.
You were a toy of Xom.
You visited 1 branch of the dungeon, and saw 4 of its levels.

You collected 206 gold pieces.

Inventory:

Hand Weapons
 f - a +0 short sword
 p - the +10 dagger "Sarcophage" (weapon) {flame, +Blink rC+}
   (You found it on level 2 of the Dungeon)

   rC+:       It protects you from cold.
   +Blink:    It lets you blink.
Armour
 a - a +0 robe
 c - an orb of energy
 v - a +0 leather armour (worn)
Scrolls
 d - 3 scrolls of identify {unknown}
 e - a scroll of blinking {unknown}
 h - 3 scrolls of poison {unknown}
 i - a scroll of teleportation {unknown}
 j - 2 scrolls of immolation {unknown}
 m - 3 scrolls of revelation {unknown}
 n - a scroll of noise {unknown}
 o - 2 scrolls of amnesia {unknown}
 r - a scroll of enchant armour {unknown}
 t - a scroll of torment {unknown}
 w - a scroll of fear {unknown}
Potions
 b - a potion of magic
 g - 2 potions of heal wounds {unknown}
 k - a potion of haste {unknown}
 l - a potion of resistance {unknown}
 q - a potion of mutation {unknown}
 s - a potion of curing {unknown}
 u - a potion of degeneration {unknown}


   Skills:
 + Level 1.1 Fighting
 + Level 1.8 Short Blades
 + Level 0.1 Armour
 + Level 2.6 Dodging
 + Level 3.6 Stealth
 + Level 3.3 Spellcasting
 + Level 5.4 Ice Magic


You had 3 spell levels left.
You knew the following spells:

 Your Spells              Type           Power      Damage    Failure   Level
a - Freeze                Ice            80%        1d9       2%          1
b - Frozen Ramparts       Ice            40%        1d7       9%          3
c - Ozocubu's Armour      Ice            20%        N/A       9%          3
d - Magic Dart            Conj           8%         1d3       26%         1

Your spell library contained the following spells:

 Spells                   Type           Power      Damage    Failure   Level
 Cigotuvi's Dreadful Rot  Necr/Pois/Air  4%         N/A       36%         2
 Searing Ray              Conj           4%         2d4       36%         2
 Wereblood                Tmut           2%         N/A       36%         2
 Summon Ice Beast         Ice/Summ       11%        N/A       65%         4
 Dispel Undead            Necr           2%         3d7       95%         4
 Fulminant Prism          Conj/Hex       1%         3d5       95%         4
 Irradiate                Conj/Tmut      1%         3d12      100%        5
 Death Channel            Necr           1%         N/A       100%        6


Dungeon Overview and Level Annotations

Branches:
Dungeon (4/15)
 Temple: D:4-7

Altars:
Kikubaaqudgha
Qazlal
Sif Muna
Vehumet
Xom
Yredelemnul
Zin
The Shining One


Message History

The hound is severely wounded.
The hound closely misses you.
You puncture the hound! You burn the hound.
You kill the hound!
The quokka barely misses you.
A hobgoblin comes into view.
You puncture the quokka! You burn the quokka.
You kill the quokka!
The hobgoblin hits you.
You puncture the hobgoblin! You burn the hobgoblin.
You kill the hobgoblin!
No target in view!
No target in view!
No target in view!
You now have 206 gold pieces (gained 15).
Things that are here:
a +0 robe; a hobgoblin corpse
Found a stone staircase leading up.
Found a stone staircase leading down.
You pick up a book of Changes and begin reading...
You add the spells Wereblood and Irradiate to your library.
You start memorising the spell.
You continue memorising.
You finish memorising.
Spell assigned to 'd'.
Found a glowing golden altar of the Shining One.
You open the door.
There is an open door here.
A scorpion comes into view.
Aiming: Magic Dart (safe; 26% risk of failure)
Press: ? - help, Q - select action, (/) - cycle Shift-Dir - straight line, f - scorpion
Aim: a scorpion (asleep, 100% to hit)
The magic dart hits the scorpion but does no damage.
Xom grants you insight.
You detect creatures!
Aiming: Magic Dart (safe; 26% risk of failure)
Press: ? - help, Q - select action, (/) - cycle Shift-Dir - straight line, f/p - scorpion
Aim: a scorpion (100% to hit)
The magic dart hits the scorpion.
The scorpion is lightly wounded.
Unknown command.
Are you sure you want to abandon this character and quit the game? (Confirm with "yes".)

##...†..[....######
##...............#####
#.######.............
###................#.#
##...##....<..........#
#............####.....#
#.⌠..P.......### .#...##
...PP~.......'.##.#.#.##
.....~P.P....#..@...# #
..#..........###....s.#
.##'.........# ##>.##...
##_##........# ### #
.###....###### ..#..##.#
#.......# .....####
.#####


You could see a scorpion.

Vanquished Creatures
  A phantom (D:4)
  A scorpion (D:4)
  A hound (D:4)
  3 orc wizards (D:3)
  4 adders
  A white imp (D:3)
  A worm (D:4)
  A dart slug (D:1)
  6 ball pythons
  4 bats
  3 endoplasms
  6 giant cockroaches
  6 goblins
  12 hobgoblins
  4 jackals
  4 kobolds
  3 quokkas
  4 frilled lizards
  3 rats
68 creatures vanquished.

Notes
Turn   | Place    | Note
-------+----------+-------------------------------------------
     0 | D:1      | wildpjah the Human Ice Elementalist began the quest for the
                  | Orb.
     0 | D:1      | Reached XP level 1. HP: 13/13 MP: 3/3
   196 | D:1      | Reached XP level 2. HP: 7/19 MP: 0/5
   511 | D:1      | Reached XP level 3. HP: 24/24 MP: 4/6
   986 | D:2      | Reached XP level 4. HP: 29/30 MP: 5/8
  1271 | D:2      | Learned a level 3 spell: Frozen Ramparts
  1275 | D:2      | Learned a level 3 spell: Ozocubu's Armour
  1346 | D:2      | Identified the +10 dagger "Sarcophage" {flame, +Blink rC+}
  1459 | D:2      | Found a faded altar of an unknown god.
  1630 | D:2      | Reached skill level 5 in Ice Magic
  1653 | D:2      | Found a stormy altar of Qazlal.
  1932 | D:2      | Prayed at the altar of an unknown god.
  1932 | D:2      | Became a worshipper of Xom the Capricious
  2154 | D:3      | XOM: silly message
  2197 | D:3      | Found a basalt altar of Yredelemnul.
  2298 | D:3      | XOM: noise
  2388 | D:3      | Found a shimmering blue altar of Sif Muna.
  2394 | D:3      | Reached XP level 5. HP: 29/35 MP: 9/9
  2422 | D:3      | Found an ancient bone altar of Kikubaaqudgha.
  2436 | D:3      | Found a radiant altar of Vehumet.
  2523 | D:3      | Found a glowing silver altar of Zin.
  2981 | D:4      | Noticed a phantom
  2982 | D:4      | XOM: silly message
  3004 | D:4      | XOM: potion effect (might)
  3008 | D:4      | Reached skill level 1 in Short Blades
  3008 | D:4      | Reached XP level 6. HP: 42/42 MP: 10/10
  3204 | D:4      | Reached skill level 1 in Fighting
  3363 | D:4      | Learned a level 1 spell: Magic Dart
  3382 | D:4      | Found a glowing golden altar of the Shining One.
  3411 | D:4      | XOM: divination: detect creatures
  3413 | D:4      | Quit the game

Illustrated notes

Levels and vault maps discovered:
D:1:      dpeg_arrival_morbid_curiosity, layout_rooms, minmay_split_cup_large
D:2:      layout_loops_ring, basic_altar, shapermc_ecumenical_altar_ellora
D:3:      wander_river, layout_loops_ring, palyth_temple_overflow_mages,
          mainiacjoe_overflow_cross_hatched, mainiacjoe_overflow_paths,
          serial_bayou_pond_c, grunt_ministairs_1, minivault_23
D:4:      layout_basic, tso_oasis_becter, lemuel_round_altar,
          lemuel_doored_altar

Skill      XL: |  1  2  3  4  5  6 |
---------------+-------------------+-----
Ice Magic      | 5 |  5.4
Spellcasting   | 3 |  3.3
Stealth        | 3 |  3.6
Short Blades   | 1 |  1.8
Fighting       | 1 |  1.1
Armour         | |  0.1
Dodging        | |  2.6

Action                     |  1- 3 |  4- 6 || total
---------------------------+-------+-------++-------
  Melee: Short sword       |    18 |     3 ||    21
         Dagger            |       |    54 ||    54
   Cast: Freeze            |    47 |    12 ||    59
         Frozen Ramparts   |       |     4 ||     4
         Magic Dart        |       |     2 ||     2
         Ozocubu's Armour  |       |     1 ||     1
   Stab: Sleeping          |       |     8 ||     8
 Armour: Robe              |    42 |    21 ||    63
         Leather armour    |       |     8 ||     8
  Dodge: Dodged            |    45 |    27 ||    72

Table legend: (Time is in decaauts)
 A = Elapsed time spent in this place.
 B = Non-inter-level travel time spent in this place.
 C = Inter-level travel time spent in this place.
 D = Time resting spent in this place.
 E = Time spent auto-exploring this place.
 F = Levels seen in this place.
 G = Mean time per level.
                   A        B        C        D        E       F      G
               +--------+--------+--------+--------+--------+-----+--------+
         Total |   3439 |   3231 |    208 |      0 |   2721 |   4 |  859.8 |
       Dungeon |   3439 |   3231 |    208 |      0 |   2721 |   4 |  859.8 |
               +--------+--------+--------+--------+--------+-----+--------+

Top non-repeatable levels by time:
     D:2: 1105 daAuts
     D:3: 1041 daAuts
     D:1: 878 daAuts
     D:4: 414 daAuts
